 Dungeon Crawl Stone Soup version 0.29.1-2-gbd0b4ee654 (webtiles) character file.

Game seed: 5973939000046076092

2445 hawla the Frost Mage (level 10, 0/77 HPs)
             Began as a Meteoran Ice Elementalist on Nov 30, 2022.
             Slain by a gnoll sergeant
             ... wielding the +10 great sword of Hynoxuf {protect, rC+ SInv}
              (13 damage)
             ... in a bailey.
             The game lasted 00:31:38 (3880 turns).

hawla the Frost Mage (Meteoran Ice Elementalist)    Turns: 3880, Time: 00:31:40

Health: 0/77       AC:  5    Str: 10    XL:     10   Next: 6%
Magic:  1/22       EV: 13    Int: 22    God:
Gold:   354        SH:  0    Dex: 14    Spells: 10/24 levels left

rFire   . . .      SeeInvis .   g - staff of death
rCold   . . .      Faith    .   (no shield)
rNeg    + . .      Spirit   .   a - +2 robe
rPois   .          Reflect  .   p - +2 hat
rElec   .          Harm     .   j - scarf {repulsion}
rCorr   .          Rampage  .   (no gloves)
Will    +....                   (no boots)
Stlth   +.........              (no amulet)
HPRegen 0.22/turn               k - +4 ring of slaying
MPRegen 0.18/turn               (no ring)

@: mighty, glowing, repel missiles
A: sense surroundings 2, otherworldly, glowing, explore regen, horns 2, deformed
body
a: no special abilities


You were in a bailey.
You visited 2 branches of the dungeon, and saw 8 of its levels.
You also visited: Sewer and Bailey.

You collected 354 gold pieces.

Inventory:

Armour
 a - a +2 robe (worn)
 j - a scarf of repulsion (worn)
 p - a +2 hat (worn)
Magical Staves
 g - a staff of death (weapon)
Jewellery
 k - a +4 ring of slaying (left hand)
Wands
 o - a wand of polymorph (10)
Scrolls
 b - a scroll of enchant armour
 c - a scroll of amnesia
 d - 4 scrolls of identify
Potions
 h - a potion of attraction


   Skills:
 + Level 3.3 Fighting
 + Level 1.1 Staves
 + Level 4.3 Dodging
 - Level 1.4 Stealth
 + Level 7.8 Spellcasting
 + Level 5.4 Conjurations
 + Level 2.0 Necromancy
 + Level 1.0 Transmutations
 + Level 1.0 Fire Magic
 + Level 9.3 Ice Magic
 + Level 0.2 Air Magic
 + Level 2.7 Poison Magic
 + Level 2.0 Evocations


You had 10 spell levels left.
You knew the following spells:

 Your Spells              Type           Power      Damage    Failure   Level
a - Freeze                Ice            100%       1d11      1%          1
b - Frozen Ramparts       Ice            98%        1d15      1%          3
c - Hailstorm             Conj/Ice       41%        3d10      3%          4
d - Mephitic Cloud        Conj/Pois/Air  20%        N/A       8%          3
e - Ignite Poison         Fire/Tmut/Pois 15%        N/A       12%         3

Your spell library contained the following spells:

 Spells                   Type           Power      Damage    Failure   Level
 Ozocubu's Armour         Ice            49%        N/A       1%          3
 Freezing Cloud           Conj/Ice/Air   15%        6-21      26%         5


Dungeon Overview and Level Annotations

Branches:
Dungeon (7/15) Zot: 805    Temple (1/1) D:4 Zot: 582   Sewer (visited)
 Bailey (1/1) Zot: 383

Altars:
Ashenzari
Fedhas
Gozag
Hepliaklqana
Nemelex Xobeh
Qazlal
Trog
Wu Jian
Xom
Zin
The Shining One

Shops:
D:1 :((

Annotations:
D:3 exclusion: oklob plant


Innate Abilities, Weirdness & Mutations

You passively map the area around you.
You are easily found by Zot.
You glow in the dark.
You regain HP and MP as you explore.
You have a pair of horns on your head.
Armour fits poorly on your strangely shaped body.


Message History

A gnoll comes into view. It is wielding a +0 halberd.
A wolf comes into view.
There is an open gate here.
You close the gate.
Items here: ( )) [[ †.
Things that are here:
a +0 trident; a +0 scale mail A gnoll opens the gate.
The gnoll bouda barks out a call to the hunt!
The gnolls pick up the pace!
The gnoll throws a throwing net.
The throwing net barely misses you.
You see here a throwing net.
A wolf comes into view.
The gnoll completely misses you.
Casting: Frozen Ramparts (safe; 1% risk of failure)
Confirm with . or Enter, or press ? or * to list all spells.
Casting: Hailstorm (dangerous; 3% risk of failure)
Press: ? - help, Dir - look around, f - activate A cannonade of hail descends around you!
The hail pelts the gnoll!
The gnoll is severely wounded.
The hail pelts the gnoll sergeant.
The gnoll sergeant partially resists.
The gnoll sergeant is lightly wounded.
A wolf comes into view.
The gnoll misses you.
Okay, then.
You feel very mighty all of a sudden.
The wolf howls!
The gnoll bouda calls upon its god to heal the gnoll.
The gnoll is healed somewhat.
The gnoll sergeant barely misses you.
The gnoll hits you from afar with a +0 trident!
* * * LOW HITPOINT WARNING * * *
You hear a howl!
You barely miss the gnoll sergeant.
You headbutt the gnoll sergeant, but do no damage.
The gnoll sergeant is lightly wounded.
You hear a shout!
You hear a howl!
You hear a shout!
A wolf comes into view.
The gnoll sergeant hits you with the +10 great sword of Hynoxuf {protect, rC+ SInv}!
You die...

* ♣♣♣♣♣♣♣♣♣♣♣♣
≈≈≈≈≈≈≈≈≈≈≈♣♣
#.†)≈≈♣♣ , *, 8
###).≈@♣ , ,, ,,
#..≈g♣♣ , ,, ,
#hg≈(.♣♣ **,
#.g≈...♣ , , '
#)h≈...♣
#####..≈)..♣♣
..#...h..)....♣♣♣#
gg.'...'......∩..∩#
,
hg.#...'.......♣♣♣#


You could see a gnoll sergeant (swift), 3 wolves, a gnoll bouda and a gnoll
(swift).

Vanquished Creatures
  Prince Ribbit (D:7)
  The ghost of Smersh616 the Gusty, an amateur TeAE (D:3)
  2 black bears (D:5)
  An ogre (D:5)
  A wolf (Bailey)
  A phantom (D:5)
  3 kobold brigands (Sewer)
  3 gnoll sergeants (Bailey)
  2 necrophages
  3 scorpions (D:5)
  3 howler monkeys (D:7)
  A gnoll bouda (Bailey)
  2 orc priests
  4 hounds
  2 jellies
  5 iguanas
  5 orc wizards
  8 gnolls (Bailey)
  12 adders
  3 river rats (Sewer)
  3 white imps
  5 worms
  A dart slug (D:1)
  30 orcs
  6 bats
  6 endoplasms
  5 giant cockroaches
  13 goblins
  4 hobgoblins
  4 jackals (D:2)
  11 kobolds
  3 quokkas
  6 ball pythons
  3 frilled lizards
  8 rats
171 creatures vanquished.

Vanquished Creatures (others)
  7 fungi
  15 plants (D:3)
22 creatures vanquished.

Grand Total: 193 creatures vanquished

Notes
Turn   | Place    | Note
-------+----------+-------------------------------------------
     0 | D:1      | hawla the Meteoran Ice Elementalist began the quest for the
                  | Orb.
     0 | D:1      | Reached XP level 1. HP: 14/14 MP: 5/5
    67 | D:1      | Reached XP level 2. HP: 20/20 MP: 4/6
    97 | D:1      | Found Cage Cea's Book Boutique.
   162 | D:1      | Found Wienku's Weapon Shoppe.
   197 | D:1      | Found Qiuchu Xatomp's Antique Weapon Emporium.
   203 | D:1      | Found a faded altar of an unknown god.
   329 | D:1      | Reached skill level 5 in Ice Magic
   340 | D:1      | Reached XP level 3. HP: 18/26 MP: 2/8
   432 | D:1      | Learned a level 3 spell: Frozen Ramparts
   500 | D:1      | Glimpsed the power of Zot.
   632 | D:2      | Found a hazy altar of Hepliaklqana.
  1035 | D:3      | Reached XP level 4. HP: 32/33 MP: 3/10
  1189 | D:3      | Identified the +2 chain mail "Piquas" {Contam Will+ rCorr}
  1190 | D:3      | Found a runed translucent gate.
  1190 | D:3      | Noticed Smersh616's ghost (amateur TeAE)
  1194 | D:3      | Found a runed translucent gate.
  1195 | D:3      | Found a runed translucent gate.
  1207 | D:3      | Learned a level 4 spell: Hailstorm
  1389 | D:3      | Found a blossoming altar of Fedhas.
  1416 | D:3      | Noticed an oklob plant
  1512 | D:4      | Reached XP level 5. HP: 20/38 MP: 5/11
  1537 | D:4      | Reached skill level 1 in Conjurations
  1537 | D:4      | Reached skill level 6 in Ice Magic
  1574 | D:4      | Noticed a phantom
  1729 | D:3      | Killed Smersh616's ghost
  1730 | D:3      | Reached XP level 6. HP: 16/45 MP: 0/12
  1778 | D:4      | Found a staircase to the Ecumenical Temple.
  1817 | Temple   | Entered the Ecumenical Temple
  1882 | D:4      | Reached skill level 5 in Conjurations
  1933 | D:4      | Found a sparkling altar of Nemelex Xobeh.
  2073 | D:5      | Entered Level 5 of the Dungeon
  2091 | D:5      | Gained mutation: You occasionally lose the ability to read
                  | scrolls when taking damage. [potion of mutation]
  2091 | D:5      | Gained mutation: You have a pair of small horns on your
                  | head. [potion of mutation]
  2091 | D:5      | Gained mutation: You passively dampen the noise of your
                  | surroundings. [potion of mutation]
  2097 | D:5      | Reached XP level 7. HP: 16/50 MP: 10/13
  2132 | D:5      | Reached skill level 1 in Fighting
  2137 | D:5      | Reached XP level 8. HP: 53/59 MP: 8/16
  2216 | D:5      | Reached skill level 5 in Spellcasting
  2251 | D:5      | Reached skill level 1 in Necromancy
  2251 | D:5      | Reached skill level 1 in Evocations
  2445 | D:5      | Reached skill level 7 in Ice Magic
  2628 | D:6      | Gained mutation: You passively map the area around you.
                  | [Meteoran growth]
  2628 | D:6      | Reached XP level 9. HP: 65/68 MP: 12/18
  2768 | D:6      | Lost mutation: You passively dampen the noise of your
                  | surroundings. [potion of mutation]
  2768 | D:6      | Lost mutation: You occasionally lose the ability to read
                  | scrolls when taking damage. [potion of mutation]
  2768 | D:6      | Gained mutation: Armour fits poorly on your strangely
                  | shaped body. [potion of mutation]
  2768 | D:6      | Gained mutation: You have a pair of horns on your head.
                  | [potion of mutation]
  2891 | D:6      | Found a glowing drain.
  2899 | Sewer    | Entered a sewer
  2945 | Sewer    | Reached skill level 8 in Ice Magic
  3133 | Sewer    | Reached skill level 1 in Staves
  3330 | D:6      | Learned a level 3 spell: Mephitic Cloud
  3385 | D:7      | Found a bloodstained altar of Trog.
  3386 | D:7      | Noticed Prince Ribbit
  3393 | D:7      | Killed Prince Ribbit
  3427 | D:7      | Reached skill level 9 in Ice Magic
  3523 | D:7      | Found a broken altar of Ashenzari.
  3631 | D:7      | Found a flagged portal.
  3645 | D:7      | Learned a level 3 spell: Ignite Poison
  3649 | Bailey   | Entered a bailey
  3655 | Bailey   | Reached skill level 1 in Poison Magic
  3781 | Bailey   | Reached skill level 1 in Transmutations
  3781 | Bailey   | Reached skill level 1 in Fire Magic
  3834 | Bailey   | Reached XP level 10. HP: 25/77 MP: 2/22
  3853 | Bailey   | HP: 3/77 [gnoll sergeant/+0 halberd (11)]
  3864 | Bailey   | Identified the +10 great sword of Hynoxuf {protect, rC+
                  | SInv}
  3880 | Bailey   | Slain by a gnoll sergeant

Illustrated notes

Levels and vault maps discovered:
D:1:      beargit_arrival_greenhouse, layout_loops_ring,
          ebering_ecumenical_altar_mist, serial_shops, shop,
          nicolae_lakefront_shop, nicolae_diamond_shop, nicolae_shop_crystal
D:2:      layout_rooms, basic_altar, chequers_serial_rivers_micro_c,
          nicolae_kite_square_tiling_tiny, serial_bayou_ford_a
D:3:      layout_loops_ring, tgw_fedhas, minmay_overflow_temple_star_quad,
          biasface_ghost_orc_armoury, minmay_misc_feat_encased
D:4:      layout_basic, nemelex_altar_shiori, temple_pool_b
D:5:      layout_layer_cave, kennysheep_ying_yang
D:6:      layout_rooms, gup_sewer_entry_bubbles
D:7:      layout_basic, riverfiend_overflow_shadow_ancestor, old_standard_altar,
          cheibrodos_ashenzari_chains, enter_bailey_4, uniq_crazy_yiuf_cottage,
          uniq_prince_ribbit1
Temple:   hellmonk_temple_two_chambers
Bailey:   bailey_polearm_gnolls_kennysheep, bailey

Skill      XL: |  1  2  3  4  5  6  7  8  9 |
---------------+----------------------------+-----
Ice Magic      | 5 6 7 9 |  9.3
Spellcasting   | 3 4 5 7 |  7.8
Conjurations   | 4 5 |  5.4
Dodging        | 3 4 |  4.3
Fighting       | 1 2 3 |  3.3
Necromancy     | 2 |  2.0
Evocations     | 2 |  2.0
Staves         | 1 |  1.1
Poison Magic   | 2 |  2.7
Transmutations | 1 |  1.0
Fire Magic     | 1 |  1.0
Stealth        | |  1.4
Air Magic      | |  0.2

Action                   |  1- 3 |  4- 6 |  7- 9 | 10-12 || total
-------------------------+-------+-------+-------+-------++-------
Melee: Unarmed           |     1 |       |       |       ||     1
       Staff             |    14 |    52 |    78 |     1 ||   145
       Headbutt          |       |       |     9 |     1 ||    10
       Punch             |       |       |     4 |       ||     4
 Cast: Freeze            |    27 |    18 |    43 |       ||    88
       Frozen Ramparts   |     5 |    16 |    38 |     1 ||    60
       Hailstorm         |       |     4 |    17 |     1 ||    22
       Mephitic Cloud    |       |       |     4 |     1 ||     5
       Ignite Poison     |       |       |     1 |       ||     1
Evoke: Wand              |       |       |     2 |     2 ||     4
  Use: Scroll            |       |     7 |     8 |       ||    15
       Potion            |       |     8 |    11 |     4 ||    23
Armor: Robe              |     5 |    21 |    10 |       ||    36
       Skin              |       |       |    59 |       ||    59
Dodge: Dodged            |    23 |    64 |    83 |     6 ||   176
       Repelled          |       |     1 |     3 |       ||     4
